 Dungeon Crawl Stone Soup version 0.18.1-50-g88ac8fd (webtiles) character file.

1450 Nordron the Transmogrifier (level 8, 0/55 HPs)
             Began as an Octopode Transmuter on Sept 24, 2016.
             Slain by a centaur (10 damage)
             ... on level 6 of the Dungeon.
             The game lasted 00:39:05 (6543 turns).

Nordron the Transmogrifier (Octopode Transmuter)    Turns: 6543, Time: 00:39:06

Health: 0/55       AC:  1    Str:  9    XL:     8   Next: 75%
Magic:  10/11      EV: 12    Int: 16    God:
Gold:   304        SH:  8    Dex: 14    Spells: 2 memorised, 7 levels left

rFire  . . .     SeeInvis .     y - +1 dagger (speed)
rCold  . . .     Gourm    .     s - +3 buckler
rNeg   . . .     Faith    .     (helmet restricted)
rPois  .         Spirit   .     (no amulet)
rElec  .         Dismiss  .     x - ring of flight
rCorr  .         Reflect  .     (no ring)
SustAt .         Harm     .     (no ring)
MR     .....                    (no ring)
Stlth  ++........               (no ring)
                                (no ring)
                                (no ring)
                                (no ring)

@: appendage, not resistant to hostile enchantments, unstealthy
A: almost no armour, amphibious, 8 rings, constrict 8, tentacle spike 3,
camouflage 1, gelatinous body 1
a: End Transformation, Evoke Flight


You were on level 6 of the Dungeon.
You were not hungry.
One of your tentacles had a temporary spike.
You visited 1 branch of the dungeon, and saw 6 of its levels.

You collected 304 gold pieces.

Inventory:

Hand Weapons
 y - a +1 dagger of speed (weapon)
 z - a +1 dagger of draining
Missiles
 a - 177 arrows
Armour
 s - a +3 buckler (worn)
Jewellery
 x - a ring of flight (left tentacle)
Wands
 F - a wand of flame (36/48)
 G - a wand of polymorph (24/24)
Scrolls
 d - a scroll of fog {unknown}
 e - 2 scrolls of immolation
 h - a scroll of teleportation
 j - 3 scrolls of identify
 k - a scroll of recharging
 l - a scroll of enchant armour
 n - a scroll of torment {unknown}
 p - a scroll of noise {unknown}
 r - a scroll of amnesia
 A - a scroll of fear
Potions
 g - a potion of flight
 o - a potion of mutation {unknown}
 q - a potion of cancellation {unknown}
 t - a potion of beneficial mutation {unknown}
 v - a potion of curing {unknown}
 w - a potion of ambrosia
 D - a potion of lignification {unknown}
Books
 b - a book of Changes

   Spells                             Type                      Level
   a - Beastly Appendage              Transmutation                1
   b - Sticks to Snakes               Transmutation                2
   c - Spider Form                    Transmutation/Poison         3
   d - Ice Form                       Ice/Transmutation            4
   e - Blade Hands                    Transmutation                5
Comestibles
 c - 2 bread rations
 u - 5 fruits
 B - a beef jerky
 C - 2 meat rations
 E - a slice of pizza


   Skills:
 + Level 5.2 Fighting
 - Level 2.0 Dodging
 + Level 4.6 Shields
 - Level 3.0 Unarmed Combat
 - Level 2.0 Spellcasting
 * Level 8.0 Transmutations


You had 7 spell levels left.
You knew the following spells:

 Your Spells              Type           Power        Failure   Level  Hunger
a - Beastly Appendage     Trmt           ####..       1%          1    #......
b - Spider Form           Trmt/Pois      ##........   12%         3    ###....


Dungeon Overview and Level Annotations

Branches:
Dungeon (5/15)
 Temple: D:4-7

Altars:
Dithmenos
Pakellas
Trog


Innate Abilities, Weirdness & Mutations

You cannot wear most types of armour.
You are amphibious.
You can wear up to eight rings at the same time.
You can use your tentacles to constrict eight enemies at once.
Your skin changes colour to match your surroundings (Stealth).
Your rubbery body absorbs attacks (AC +1).
One of your tentacles bears a large vicious spike.


Message History

You block the centaur's attack.
You hit the centaur.
You pierce the centaur, but do no damage.
The centaur is lightly wounded.
You block the centaur's attack.
You hit the centaur.
The centaur is moderately wounded.
The centaur barely misses you.
You hit the centaur but do no damage. Your squeeze misses the centaur.
The centaur is moderately wounded.
The centaur hits you.
* * * LOW HITPOINT WARNING * * *
You hit the centaur but do no damage.
Your tentacle spike misses the centaur.
You squeeze the centaur!
The centaur is severely wounded.
The centaur misses you.
You hit the centaur.
Your tentacle spike misses the centaur.
The centaur is almost dead.
The centaur hits you!
You die...

# ########.>#
##..........
##...........
#######....########
#.....@(.###
#.....c#### ..##...
##.. #.. #.# .# .


You could see a centaur.

Vanquished Creatures
  Eustachio (D:4)
  A phantom (D:5)
  3 ogres
  2 centaurs (D:5)
  A giant frog (D:5)
  A scorpion (D:4)
  4 crimson imps (D:5)
  A giant frog skeleton (D:5)
  2 hounds
  An orc priest (D:5)
  A centaur skeleton (D:5)
  4 orc wizards
  Jessica (D:3)
  Ijyb (D:2)
  4 worker ants (D:5)
  4 adders
  A shadow imp (D:5)
  An adder skeleton (D:5)
  4 worms
  2 dart slugs (D:2)
  A giant gecko (D:5)
  12 orcs
  5 bats
  7 giant cockroaches
  8 goblins
  5 hobgoblins
  7 jackals (D:2)
  2 quokkas (D:2)
  A ball python (D:2)
  3 giant newts
  A jackal skeleton (D:4)
  9 kobolds
  9 rats
110 creatures vanquished.

Notes
Turn   | Place    | Note
--------------------------------------------------------------
     0 | D:1      | Nordron the Octopode Transmuter began the quest for the Orb.
     0 | D:1      | Reached XP level 1. HP: 13/13 MP: 3/3
   277 | D:1      | Reached XP level 2. HP: 18/18 MP: 3/5
   997 | D:2      | Reached XP level 3. HP: 19/24 MP: 4/6
  1130 | D:2      | Reached skill level 3 in Transmutations
  1168 | D:2      | Found an oddly glowing altar of Pakellas.
  2101 | D:2      | Reached XP level 4. HP: 30/30 MP: 5/7
  2122 | D:2      | Noticed Ijyb
  2132 | D:2      | Killed Ijyb
  2353 | D:2      | Learned a level 3 spell: Spider Form
  2397 | D:3      | Found a bloodstained altar of Trog.
  2456 | D:3      | Reached skill level 4 in Transmutations
  2549 | D:3      | Noticed Jessica
  2557 | D:3      | Killed Jessica
  2557 | D:3      | Reached XP level 5. HP: 16/36 MP: 6/8
  3053 | D:4      | Noticed an ogre
  3176 | D:4      | Killed an ogre
  3176 | D:4      | Reached skill level 1 in Shields
  3176 | D:4      | Reached XP level 6. HP: 30/42 MP: 6/9
  3279 | D:4      | Noticed Eustachio
  3396 | D:4      | HP: 2/42 [orc wizard/magic dart (8)]
  3398 | D:4      | Reached skill level 5 in Transmutations
  3707 | D:4      | Killed Eustachio
  3707 | D:4      | Reached XP level 7. HP: 12/47 MP: 6/10
  4658 | D:5      | Entered Level 5 of the Dungeon
  4769 | D:5      | Reached skill level 6 in Transmutations
  5200 | D:5      | Reached XP level 8. HP: 47/54 MP: 9/11
  5265 | D:5      | Reached skill level 7 in Transmutations
  5515 | D:5      | Got a smoking dagger
  5644 | D:5      | Identified the cursed +3 dagger of Ilaytaif {antimagic, *Confuse rF+ Str+2} (You found it on level 5 of the Dungeon)
  6116 | D:5      | Reached skill level 5 in Fighting
  6415 | D:5      | Found a shadowy altar of Dithmenos.
  6457 | D:5      | Reached skill level 8 in Transmutations
  6523 | D:5      | You fall through a shaft!
  6543 | D:6      | Slain by a centaur

Skill      XL: |  1  2  3  4  5  6  7  8 |
---------------+-------------------------+-----
Fighting       | 2 3 4 5 |  5.2
Transmutations | 3 4 5 6 8 |  8.0
Shields        | 1 2 3 4 |  4.6
Dodging        | |  2.0
Unarmed Combat | |  3.0
Spellcasting   | |  2.0

Action                   |  1- 3 |  4- 6 |  7- 9 || total
-------------------------+-------+-------+-------++-------
Melee: Club              |     9 |       |       ||     9
       Unarmed           |     7 |    10 |    18 ||    35
       Kick              |    26 |    24 |    55 ||   105
       Constrict         |    30 |    19 |    33 ||    82
       Tentacles         |    14 |     6 |    48 ||    68
       Whip              |    96 |    22 |       ||   118
       Punch             |     1 |     3 |     3 ||     7
       Dagger            |       |    48 |   185 ||   233
 Cast: Beastly Appendage |    28 |    22 |    28 ||    78
       Spider Form       |       |     2 |     3 ||     5
  Use: Potion            |       |       |     5 ||     5
       Scroll            |       |       |     9 ||     9
 Stab: Sleeping          |     6 |     2 |     4 ||    12
  Eat: Chunk             |     3 |     4 |     6 ||    13
       Bread ration      |       |     1 |     1 ||     2
Armor: Skin              |     9 |     5 |     5 ||    19
Dodge: Dodged            |    62 |    36 |    52 ||   150
Block: Buckler           |     6 |     7 |    44 ||    57
